 Dungeon Crawl Stone Soup version 0.27-a0-1280-g9d2d252d84 (webtiles) character file.

Game seed: 6891282373641148479

26305 27snakeeyes612 the Cleaver (level 13, -12/69 HPs)
             Began as a Vine Stalker Fighter on June 13, 2021.
             Was a High Priest of Makhleb.
             Mangled by a bog body (25 damage)
             ... on level 2 of the Lair of Beasts.
             The game lasted 00:15:58 (12598 turns).

27snakeeyes612 the Cleaver (Vine Stalker Fighter)  Turns: 12598, Time: 00:15:59

Health: -12/69     AC: 39    Str: 31    XL:     13   Next: 25%
Magic:  0/14       EV:  9    Int:  8    God:    Makhleb [*****.]
Gold:   793        SH: 13    Dex: 13    Spells: 12/12 levels left

rFire    . . .     SeeInvis .   m - +1 hand axe (venom)
rCold    . . .     Faith    +   c - +0 kite shield
rNeg     . . .     Spirit   +   v - +27 Lear's hauberk
rPois    .         Reflect  .   (helmet currently unavailable)
rElec    .         Harm     .   B - +0 cloak
rCorr    +         Rampage  .   (gloves currently unavailable)
Will     +....                  (boots currently unavailable)
Stlth    ..........             o - amulet of faith
HPRegen  1.21/turn              D - +6 ring of strength
MPRegen  0.14/turn              u - ring of resist corrosion

@: slowed, very slow
A: fangs 3, regeneration 1, magic shield, antimagic bite, no potion heal 2
a: Renounce Religion, Minor Destruction, Lesser Servant of Makhleb, Major
Destruction, Greater Servant of Makhleb


You were on level 2 of the Lair of Beasts.
You worshipped Makhleb.
Makhleb was extremely pleased with you.
You visited 3 branches of the dungeon, and saw 15 of its levels.

You collected 1046 gold pieces.
You spent 253 gold pieces at shops.

Inventory:

Hand Weapons
 a - a +0 war axe
 m - a +1 hand axe of venom (weapon)
 J - the +8 great sword of Ubraowk {flame, rElec Str+2 Dex+2}
   (You bought it in a shop on level 10 of the Dungeon)

   It has been specially enchanted to burn those struck by it, causing extra
   injury to most foes and up to half again as much damage against particularly
   susceptible opponents.
   Big, fiery blades are also staple armaments of hydra-hunters.
   It affects your strength (+2).
   It affects your dexterity (+2).
   It insulates you from electricity.
Missiles
 n - 8 curare-tipped darts
 t - 3 atropa-tipped darts
Armour
 b - a +0 scale mail
 c - a +0 kite shield (worn)
 i - a +0 plate armour
 v - the +27 Lear's hauberk (worn)
   (You acquired it on level 9 of the Dungeon)
 B - a +0 cloak (worn)
 L - a +0 pair of boots
 O - a +0 helmet
Jewellery
 h - a +4 ring of evasion
 o - an amulet of faith (around neck)
 u - a ring of resist corrosion (right hand)
 D - a +6 ring of strength (left hand)
 I - a ring of ice
Wands
 p - a wand of mindburst (4)
 r - a wand of acid (13) (quivered)
 s - a wand of iceblast (9)
 C - a wand of digging (25)
 F - a wand of polymorph (15)
Scrolls
 f - 2 scrolls of teleportation
 k - a scroll of summoning
 l - 5 scrolls of noise
 y - 8 scrolls of identify
 K - 2 scrolls of amnesia
 M - a scroll of enchant weapon {unknown}
 N - 2 scrolls of fog {unknown}
 P - a scroll of blinking {unknown}
 Q - a scroll of enchant armour {unknown}
Potions
 d - a potion of might
 e - a potion of cancellation
 g - 4 potions of attraction
 j - a potion of berserk rage {unknown}
 q - 3 potions of curing
 w - 3 potions of magic {unknown}
 x - 3 potions of degeneration {unknown}
 z - 5 potions of heal wounds {unknown}
 A - a potion of ambrosia {unknown}
 E - 4 potions of brilliance {unknown}
 G - 2 potions of mutation {unknown}
 H - 2 potions of resistance {unknown}


   Skills:
 * Level 8.5 Fighting
 - Level 1.0 Long Blades
 + Level 11.5 Axes
 + Level 9.2 Armour
 + Level 3.4 Dodging
 + Level 1.6 Stealth
 + Level 10.6 Shields
 + Level 2.0 Evocations


You had 12 spell levels left.
You didn't know any spells.
Your spell library contained the following spells:

 Spells                   Type           Power      Damage    Failure   Level
 Animate Skeleton         Necr           0%         N/A       96%         1
 Apportation              Tloc           0%         N/A       96%         1
 Corona                   Hex            0%         N/A       96%         1
 Freeze                   Ice            0%         1d3       96%         1
 Magic Dart               Conj           0%         1d3       96%         1
 Pain                     Necr           0%         1d4       96%         1
 Summon Small Mammal      Summ           0%         N/A       96%         1
 Blink                    Tloc           N/A        N/A       99%         2
 Call Imp                 Summ           0%         N/A       99%         2
 Slow                     Hex            0%         N/A       99%         2
 Conjure Flame            Conj/Fire      0%         6-21      100%        3
 Frozen Ramparts          Ice            0%         1d2       100%        3
 Mephitic Cloud           Conj/Pois/Air  0%         N/A       100%        3
 Ozocubu's Armour         Ice            0%         N/A       100%        3
 Vampiric Draining        Necr           0%         2d6       100%        3
 Animate Dead             Necr           0%         N/A       100%        4
 Hailstorm                Conj/Ice       0%         3d3       100%        4
 Agony                    Necr           0%         N/A       100%        5
 Metabolic Englaciation   Hex/Ice        0%         N/A       100%        5


Dungeon Overview and Level Annotations

Branches:
Dungeon (12/15)            Temple (1/1) D:5            Lair (2/6) D:8
  Snake (0/4) Lair:2          Orc (0/2) D:12
  Swamp: Lair:2-4    Shoals: Lair:2-4

Altars:
Ashenzari
Cheibriados
Dithmenos
Elyvilon
Fedhas
Gozag
Hepliaklqana
Kikubaaqudgha
Makhleb
Nemelex Xobeh
Okawaru
Qazlal
Ru
Sif Muna
Trog
Uskayaw
Vehumet
Wu Jian
Xom
Yredelemnul
The Shining One

Shops:
D:10 (=?   D:11 (

Annotations:
Lair:2 Sonja


Innate Abilities, Weirdness & Mutations

You have razor-sharp teeth.
Your natural rate of healing is unusually fast.
When hurt, damage is shared between your health and your magic reserves.
Your bite disrupts and absorbs the magic of your enemies.
Potions cannot restore your health.


Message History

You hit the bog body. Your bite misses the bog body.
The bog body is severely damaged.
You closely miss the bog body.
The bog body gestures at you while chanting.
You feel as though you will be slow longer.
The bog body touches you but does no damage.
You hit the bog body but do no damage. You bite the bog body.
The bog body's magic leaks into the air.
You drain its magic.
The bog body is almost destroyed.
You hit the bog body.
The bog body touches you but does no damage.
You block the bog body's attack.
You hit the bog body. Your bite misses the bog body.
The bog body is almost destroyed.
You hit the bog body but do no damage. The bog body completely misses you.
The bog body falters for a moment.
The bog body points at you and mumbles some strange words.
The bolt of cold hits you.
You slash the bog body!
You destroy the bog body!
Makhleb accepts your kill.
You feel better.
You slash the bog body! The bog body barely misses you.
You slash the bog body! Your bite misses the bog body.
The bog body is severely damaged.
You block the bog body's attack.
You hit the bog body. Your bite misses the bog body.
The bog body is almost destroyed.
The bog body touches you. The bog body freezes you!!
You barely miss the bog body. Your bite misses the bog body.
The bog body is severely damaged.
You block the bog body's attack. The bog body touches you!
The bog body freezes you!!
* * * LOW HITPOINT WARNING * * *
You hit the bog body. Your bite misses the bog body.
The bog body is almost destroyed.
The bog body touches you.
* * * LOW HITPOINT WARNING * * *
The bog body freezes you!!
You die...

#
##.####..P##.#####...##.#.##P..
####...##.....##
##......#..###.#
.#†...###.....####..........#
#.# ...††.♣
♣......#...........######
......♣
♣♣♣♣♣♣♣...........##..⌠.#
..#♣♣♣♣ ♣♣♣♣
♣♣♣♣♣♣......#...... .♣♣
≈≈≈≈≈♣≈≈≈≈♣♣♣.....#⌠.<.⌠ ##
......n♣.†...⌠....#..... #
♣†@††...⌠....#....# #♣♣♣
♣♣≈≈≈♣♣♣.....###'## ...♣♣♣♣
♣♣♣♣♣.......#..... ......#♣♣♣♣♣
.....P....##...†.. .#....P.....
....PP....#....... ###.........
............⌠..>.. #.....##..
.........#......... #...K###
......##.#........⌠..
##...#.###P.....#
#.......#.....


You could see a bog body.

Vanquished Creatures
  2 hydras (D:12)
  3 centaur warriors
  An ogre mage (D:10)
  Erica (D:7)
  2 two-headed ogres
  A tengu warrior (D:10)
  3 bog bodies (Lair:2)
  An orc knight (D:10)
  2 deep elf pyromancers
  2 ugly things
  A manticore (D:11)
  A black mamba (Lair:2)
  3 cane toads (Lair:2)
  2 kobold demonologists (D:7)
  A gargoyle (D:11)
  5 komodo dragons
  A freezing wraith (D:10)
  A yaktaur (D:10)
  2 trolls
  A polar bear (shapeshifter) (D:9)
  5 blink frogs (Lair:2)
  A slime creature (D:9)
  A meliai zombie (D:10)
  A shadow (D:12)
  3 vampires
  3 wyverns
  A wraith (D:11)
  17 yaks
  4 vampire mosquitoes (D:10)
  A steam dragon (D:8)
  An acid dragon (D:8)
  A swamp worm (Lair:2)
  3 nagas (Lair:2)
  4 water moccasins
  4 orc warriors
  3 necrophages
  3 ice beasts
  2 sky beasts
  3 black bears
  2 ogres
  11 centaurs
  3 wolves (Lair:2)
  3 kobold brigands (D:8)
  5 bullfrogs
  Blork the orc (D:4)
  3 scorpions
  A water moccasin skeleton (D:5)
  A wyvern skeleton (D:7)
  6 killer bees
  6 wights
  A bullfrog zombie (D:6)
  4 centaur zombies
  4 howler monkeys
  A hound (D:5)
  3 orc priests
  2 centaur skeletons
  A gnoll shaman (D:6)
  3 iguanas
  11 orc wizards
  A howler monkey zombie (D:6)
  3 gnolls (D:6)
  4 adders
  3 white imps
  2 ufetubi (D:6)
  29 orcs
  2 bats
  10 endoplasms
  3 giant cockroaches
  5 goblins
  9 hobgoblins
  9 jackals
  3 ball pythons
  4 frilled lizards
  27 kobolds
  3 rats
286 creatures vanquished.

Vanquished Creatures (others)
  4 kobolds (D:8)
  6 fungi
  4 plants
  8 toadstools
22 creatures vanquished.

Grand Total: 308 creatures vanquished

Notes
Turn   | Place    | Note
-------+----------+-------------------------------------------
     0 | D:1      | 27snakeeyes612 the Vine Stalker Fighter began the quest for
                  | the Orb.
     0 | D:1      | Reached XP level 1. HP: 11/11 MP: 2/2
   503 | D:1      | Reached XP level 2. HP: 15/16 MP: 3/3
  1601 | D:2      | Found a faded altar of an unknown god.
  1630 | D:2      | Reached skill level 2 in Axes
  1773 | D:2      | Reached XP level 3. HP: 20/20 MP: 4/4
  1929 | D:2      | You fall into a shaft and drop 2 floors!
  2256 | D:2      | Gained mutation: Your natural rate of healing is unusually
                  | fast. [Vine Stalker growth]
  2256 | D:2      | Reached XP level 4. HP: 11/24 MP: 5/5
  3463 | D:4      | Noticed a necrophage
  3475 | D:4      | Killed a necrophage
  3476 | D:4      | Reached skill level 3 in Axes
  3476 | D:4      | Reached XP level 5. HP: 27/28 MP: 4/6
  3645 | D:4      | Noticed Blork the orc
  3656 | D:4      | Killed Blork the orc
  3657 | D:4      | Reached XP level 6. HP: 15/32 MP: 3/7
  3778 | D:4      | Noticed a necrophage
  3789 | D:4      | Killed a necrophage
  3820 | D:4      | Reached skill level 4 in Axes
  3820 | D:4      | Reached XP level 7. HP: 24/37 MP: 6/8
  4023 | D:5      | Entered Level 5 of the Dungeon
  4465 | D:5      | Found a staircase to the Ecumenical Temple.
  4484 | D:5      | Gained mutation: You have razor-sharp teeth. [Vine Stalker
                  | growth]
  4484 | D:5      | Reached XP level 8. HP: 35/42 MP: 9/9
  4493 | Temple   | Entered the Ecumenical Temple
  4591 | Temple   | Became a worshipper of Makhleb the Destroyer
  4622 | D:5      | Reached skill level 5 in Axes
  4684 | D:6      | Found a shadowy altar of Dithmenos.
  4989 | D:6      | Noticed a yak
  5001 | D:6      | Killed a yak
  5002 | D:6      | Reached skill level 5 in Armour
  5118 | D:6      | Found a large runed translucent door.
  5132 | D:6      | Reached skill level 6 in Axes
  5147 | D:6      | Reached skill level 5 in Shields
  5180 | D:6      | Found a large runed translucent door.
  5251 | D:6      | Found a hide-covered altar of Uskayaw.
  5302 | D:6      | Reached skill level 1 in Dodging
  5302 | D:6      | Reached XP level 9. HP: 41/46 MP: 8/10
  5460 | D:6      | Found an iron altar of Okawaru.
  5462 | D:6      | Reached * piety under Makhleb
  5573 | D:6      | Found a white marble altar of Elyvilon.
  5578 | D:6      | Found a stormy altar of Qazlal.
  5709 | D:7      | Reached skill level 7 in Axes
  5725 | D:7      | Noticed a kobold demonologist
  5728 | D:7      | Noticed a kobold demonologist
  5756 | D:7      | Noticed a hellwing
  5756 | D:7      | Killed a kobold demonologist
  5761 | D:7      | Noticed a sixfirhy
  5761 | D:7      | Killed a kobold demonologist
  5762 | D:7      | Reached skill level 1 in Evocations
  5887 | D:7      | Reached skill level 5 in Fighting
  6273 | D:7      | Reached skill level 1 in Stealth
  6626 | D:7      | Reached XP level 10. HP: 50/51 MP: 11/11
  6649 | D:7      | Reached skill level 8 in Axes
  6700 | D:8      | Noticed Erica
  6716 | D:7      | Killed Erica
  6725 | D:8      | Reached ** piety under Makhleb
  7293 | D:8      | Found a staircase to the Lair.
  7408 | D:9      | Reached skill level 9 in Axes
  7408 | D:9      | Found a glowing golden altar of the Shining One.
  7723 | D:9      | Reached *** piety under Makhleb
  7866 | D:9      | Identified a scroll of acquirement
  7866 | D:9      | Acquired the +27 Lear's hauberk
  7867 | D:9      | Found the +27 Lear's hauberk
  8706 | D:10     | Entered Level 10 of the Dungeon
  8707 | D:10     | Found Tarus's Jewellery Shop.
  8767 | D:10     | Reached XP level 11. HP: 52/56 MP: 10/12
  8812 | D:10     | Noticed a centaur warrior
  8812 | D:10     | Noticed a red ugly thing
  8812 | D:10     | Noticed an orc knight
  8812 | D:10     | Noticed a deep elf pyromancer
  8812 | D:10     | Noticed a centaur warrior
  8812 | D:10     | Noticed a green ugly thing
  8813 | D:10     | Noticed an ogre mage
  8813 | D:10     | Noticed a tengu warrior
  8852 | D:9      | Killed a green ugly thing
  9203 | D:10     | Killed an ogre mage
  9219 | D:10     | Killed a deep elf pyromancer
  9265 | D:10     | Killed a tengu warrior
  9266 | D:10     | Reached skill level 10 in Axes
  9314 | D:10     | Found Poneuny's Magic Scroll Shoppe.
  9324 | D:10     | Noticed a two-headed ogre
  9337 | D:10     | Killed a two-headed ogre
  9361 | D:10     | Killed a centaur warrior
  9379 | D:10     | Killed a centaur warrior
  9679 | D:10     | Found Xileno Orofe's Antique Weapon Boutique.
  9684 | D:10     | Bought a dazzling great sword for 253 gold pieces
  9684 | D:10     | Identified the +8 great sword of Ubraowk {flame, rElec
                  | Str+2 Dex+2} (You bought it in a shop on level 10 of the
                  | Dungeon)
  9765 | D:10     | Killed an orc knight
  9812 | D:10     | Killed a red ugly thing
 10090 | D:11     | Noticed a two-headed ogre
 10101 | D:11     | Killed a two-headed ogre
 10102 | D:11     | Reached XP level 12. HP: 57/61 MP: 13/13
 10411 | D:11     | Found Ograruaj's Antique Weapon Boutique.
 10788 | D:12     | Reached **** piety under Makhleb
 10842 | D:12     | Found a staircase to the Orcish Mines.
 10853 | D:12     | Noticed an eight-headed hydra
 10866 | D:12     | Killed a six-headed hydra
 10971 | D:12     | Noticed a five-headed hydra
 10981 | D:12     | Killed a one-headed hydra
 10982 | D:12     | Reached skill level 11 in Axes
 10982 | D:12     | Reached skill level 10 in Shields
 10988 | D:12     | Reached skill level 1 in Long Blades
 11318 | D:12     | Noticed a centaur warrior
 11328 | D:12     | Killed a centaur warrior
 11501 | Lair:1   | Entered Level 1 of the Lair of Beasts
 12393 | Lair:2   | Reached XP level 13. HP: 67/68 MP: 14/14
 12432 | Lair:2   | Noticed Sonja
 12433 | Lair:2   | Found a staircase to the Snake Pit.
 12553 | Lair:2   | Reached ***** piety under Makhleb
 12598 | Lair:2   | Mangled by a bog body

Illustrated notes

Levels and vault maps discovered:
D:1:      ldierk_walled_garden_2, layout_basic, serial_curves, eino_curves_02,
          eino_curves_03
D:2:      layout_basic, ebering_ecumenical_altar_abandoned
D:3:      layout_loops_corners, kennysheep_generic_room_12
D:4:      layout_loops_cross, uniq_blork_the_orc
D:5:      layout_gridville, minmay_temple_entry_waves
D:6:      layout_basic, okawaru_altar_gauntlet_db,
          nicolae_dithmenos_shadow_blocks,
          nicolae_uskayaw_murder_on_the_dancefloor, jmf_multi_god_temple2,
          hex_tiny, st_stairs_12, minmay_microvault
D:7:      layout_basic, grunt_ministairs_8, minmay_gold_behind_fungi
D:8:      layout_basic, david_lair_generic, kennysheep_generic_room_4,
          uniq_erica
D:9:      layout_layer_cave, lemuel_crystal_altar
D:10:     layout_long_grid, serial_shops, shop, kennysheep_little_box, shop,
          enter_bailey_2, nicolae_wwwww, minivault_28
D:11:     layout_stronghold, serial_shops, nicolae_shop_crystal,
          kennysheep_another_room
D:12:     layout_basic, orc_0_dummy
Temple:   lightli_temple_of_artemis
Lair:1:   layout_loops_ring
Lair:2:   layout_gridlike, nicolae_swamp_entry_splash_gauntlet,
          minmay_snake_entry_guardpost_small, grunt_megastairs_3, uniq_sonja

Skill      XL: |  1  2  3  4  5  6  7  8  9 10 11 12 13 |
---------------+----------------------------------------+-----
Fighting       | 3 4 5 6 7 8 |  8.5
Axes           | 2 3 4 6 7 9 10 11 | 11.5
Shields        | 3 4 5 6 7 9 10 | 10.6
Armour         | 3 4 5 6 7 8 9 |  9.2
Dodging        | 1 2 3 |  3.4
Evocations     | 1 2 |  2.0
Stealth        | 1 |  1.6
Long Blades    | 1 |  1.0

Action                   |  1- 3 |  4- 6 |  7- 9 | 10-12 | 13-15 || total
-------------------------+-------+-------+-------+-------+-------++-------
Melee: War axe           |    63 |       |       |       |       ||    63
       Bite              |    22 |    32 |   109 |   308 |    29 ||   500
       Hand axe          |     8 |    88 |   251 |   575 |    61 ||   983
       Great sword       |       |       |       |    17 |       ||    17
Evoke: Wand              |       |       |     6 |     1 |     1 ||     8
  Use: Scroll            |       |       |       |    13 |     1 ||    14
       Potion            |       |       |       |       |     1 ||     1
Armor: Scale mail        |    10 |       |       |       |       ||    10
       Plate armour      |    21 |    51 |   154 |    99 |       ||   325
       Chain mail        |       |       |       |   386 |    33 ||   419
Dodge: Dodged            |    17 |     9 |    49 |   198 |    22 ||   295
Block: Kite shield       |    30 |    43 |   156 |   405 |    47 ||   681
       Rpst.: Great sword |       |       |       |     2 |       ||     2

Table legend: (Time is in decaauts)
 A = Elapsed time spent in this place.
 B = Non-inter-level travel time spent in this place.
 C = Inter-level travel time spent in this place.
 D = Time resting spent in this place.
 E = Time spent auto-exploring this place.
 F = Levels seen in this place.
 G = Mean time per level.
                   A        B        C        D        E       F      G
               +--------+--------+--------+--------+--------+-----+--------+
         Total |  12734 |  11968 |    766 |    153 |   9661 |  15 |  848.9 |
       Dungeon |  11533 |  10782 |    751 |    116 |   8764 |  12 |  961.1 |
        Temple |    113 |    113 |      0 |      0 |     90 |   1 |  113.0 |
          Lair |   1086 |   1071 |     15 |     36 |    807 |   2 |  543.0 |
               +--------+--------+--------+--------+--------+-----+--------+

Top non-repeatable levels by time:
     D:1: 1578 daAuts
     D:9: 1384 daAuts
     D:7: 1271 daAuts
     D:2: 1049 daAuts
     D:6: 1015 daAuts
    D:10: 971 daAuts
     D:3: 860 daAuts
     D:4: 730 daAuts
    D:11: 702 daAuts
     D:8: 696 daAuts
    D:12: 682 daAuts
  Lair:1: 672 daAuts
     D:5: 590 daAuts
  Lair:2: 414 daAuts
  Temple: 113 daAuts
